 Dungeon Crawl Stone Soup version 0.27.0-1-g7a089689b8 (webtiles) character file.

Game seed: 5436736639327422511

135 agentchuck the Skirmisher (level 5, -2/34 HPs)
             Began as a Gargoyle Fighter on Aug 13, 2021.
             Slain by a black bear (3 damage)
             ... on level 4 of the Dungeon.
             The game lasted 00:07:56 (1972 turns).

agentchuck the Skirmisher (Gargoyle Fighter)        Turns: 1972, Time: 00:07:57

Health: -2/34      AC: 11    Str: 21    XL:     5   Next: 18%
Magic:  5/5        EV:  7    Int:  8    God:
Gold:   81         SH:  9    Dex:  9    Spells: 4/4 levels left

rFire    . . .     SeeInvis .   a - +0 war axe
rCold    . . .     Faith    .   c - +0 kite shield
rNeg     + + .     Spirit   .   b - +0 scale mail
rPois    ∞         Reflect  .   (no helmet)
rElec    +         Harm     .   (no cloak)
rCorr    .         Rampage  .   (no gloves)
Will     .....                  (no boots)
Stlth    ..........             (no amulet)
HPRegen  0.11/turn              N - ring of positive energy
MPRegen  0.09/turn              L - ring of flight

@: mighty, flying
A: sickness immunity, AC +4, negative energy resistance 1, electricity
resistance, torment resistance 1, petrification resistance
a: no special abilities


You were on level 4 of the Dungeon.
You visited 1 branch of the dungeon, and saw 4 of its levels.

You collected 81 gold pieces.


Innate Abilities, Weirdness & Mutations

You are immune to sickness and miasma.
Your stone body is resilient. (AC +4)
You are immune to poison.
You resist negative energy. (rN+)
You are resistant to electric shocks. (rElec)
You are resistant to unholy torment.
You are immune to petrification.


   Skills:
 * Level 4.4 Fighting
 * Level 2.8 Axes
 + Level 4.0 Armour
 + Level 4.1 Shields


You had 4 spell levels left.
You didn't know any spells.
Your spell library contained the following spells:

 Spells                   Type           Power      Damage    Failure   Level
 Summon Small Mammal      Summ           0%         N/A       99%         1
 Call Canine Familiar     Summ           0%         N/A       100%        3
 Dazzling Flash           Conj/Hex       0%         N/A       100%        3
 Summon Guardian Golem    Hex/Summ       0%         N/A       100%        3
 Iskenderun's Mystic Bla  Conj/Tloc      0%         2d3       100%        4
 Summon Forest            Summ/Tloc      0%         N/A       100%        5
 Summon Mana Viper        Hex/Summ       0%         N/A       100%        5
 Shadow Creatures         Summ           N/A        N/A       100%        6
 Starburst                Conj/Fire      0%         8x6d3     100%        6

Inventory:

Hand Weapons
 a - a +0 war axe (weapon)
Missiles
 e - 97 stones (quivered)
 s - 3 poisoned darts
Armour
 b - a +0 scale mail (worn)
 c - a +0 kite shield (worn)
 k - a +0 buckler
Jewellery
 L - a ring of flight (right hand)
 N - a ring of positive energy (left hand)
Wands
 m - a wand of digging (6)
Scrolls
 f - 2 scrolls of identify {unknown}
 h - 2 scrolls of teleportation {unknown}
 i - a scroll of blinking {unknown}
 j - a scroll of enchant armour {unknown}
 n - a scroll of silence {unknown}
 p - a scroll of torment {unknown}
 q - a scroll of fog {unknown}
Potions
 d - a potion of might
 g - a potion of haste {unknown}
 l - a potion of resistance {unknown}
 o - a potion of lignification {unknown}
 r - a potion of magic {unknown}

Dungeon Overview and Level Annotations

Branches:
Dungeon (4/15)
 Temple: D:4-7

Altars:

Shops:
D:2

* #...........##
##### ##.#
#.##.......##
##...#### #..#
##!......# ##.##
##........# #.##
##..)......###.#
##...(......##.##
#........!..#.##
#......#
#..h........#.#
##......#
#.@..........##
##......#
#............#
#.......#
#......!.....##
##.......#
#............#
#.......#
#...........##
##......##
#..........##
.........#
#...<......#
#........#
#.........##
#####....##


You could see a black bear (berserk, poisoned).


Message History

The black bear claws you but does no damage.
The black bear bites you but does no damage.
The black bear claws you but does no damage.
The black bear barely misses you.
You hit the black bear.
The black bear is heavily wounded.
You block the black bear's attack. The black bear claws you.
* * * LOW HITPOINT WARNING * * *
The black bear claws you but does no damage.
You barely miss the black bear.
The black bear is heavily wounded.
You block the black bear's attack. The black bear barely misses you.
You block the black bear's attack. x2
The black bear claws you but does no damage. x2
You hit the black bear.
The black bear is severely wounded.
The black bear bites you but does no damage.
The black bear claws you.
* * * LOW HITPOINT WARNING * * *
You block the black bear's attack. The black bear bites you.
* * * LOW HITPOINT WARNING * * *
The black bear claws you.
* * * LOW HITPOINT WARNING * * *
The black bear claws you but does no damage.
The black bear goes berserk!
You feel very mighty all of a sudden. You block the black bear's attack.
The black bear claws you but does no damage.
The black bear claws you.
You die...

Skill      XL: |  1  2  3  4 |
---------------+-------------+-----
Axes           | 2 |  2.8
Fighting       | 4 |  4.4
Armour         | 4 |  4.0
Shields        | 4 |  4.1

Action                   |  1- 3 |  4- 6 || total
-------------------------+-------+-------++-------
Melee: War axe           |   146 |    46 ||   192
Throw: Dart              |       |     6 ||     6
  Use: Potion            |       |     1 ||     1
Armor: Scale mail        |   101 |    52 ||   153
Dodge: Dodged            |    68 |    31 ||    99
Block: Kite shield       |    45 |    45 ||    90
       Buckler           |    21 |     2 ||    23

Levels and vault maps discovered:
D:1:      minmay_arrival_shattered_statue, layout_rooms,
          shapermc_ecumenical_altar_flowoftime
D:2:      layout_basic, serial_shops, nicolae_diamond_shop
D:3:      minmay_inner_zag, layout_basic
D:4:      layout_cave_pods, st_stairs_10

Notes
Turn   | Place    | Note
-------+----------+-------------------------------------------
     0 | D:1      | agentchuck the Gargoyle Fighter began the quest for the
                  | Orb.
     0 | D:1      | Reached XP level 1. HP: 14/14 MP: 1/1
    62 | D:1      | Reached XP level 2. HP: 18/19 MP: 2/2
    65 | D:1      | Reached skill level 2 in Axes
    80 | D:1      | Found a faded altar of an unknown god.
   432 | D:2      | Reached XP level 3. HP: 22/23 MP: 3/3
   564 | D:2      | Found Sogiforch's General Store.
  1423 | D:3      | Reached skill level 4 in Fighting
  1423 | D:3      | Reached XP level 4. HP: 29/29 MP: 4/4
  1623 | D:4      | Reached skill level 4 in Armour
  1623 | D:4      | Reached skill level 4 in Shields
  1623 | D:4      | Reached XP level 5. HP: 23/34 MP: 5/5
  1950 | D:4      | Noticed a black bear
  1968 | D:4      | HP: 1/34 [black bear (4)]
  1972 | D:4      | Slain by a black bear

Vanquished Creatures
  A water moccasin skeleton (D:4)
  3 adders
  A worm (D:2)
  2 orcs (D:3)
  7 bats
  2 endoplasms
  3 giant cockroaches
  6 goblins
  4 hobgoblins
  4 jackals
  6 ball pythons
  3 frilled lizards (D:2)
  6 kobolds
  3 rats
51 creatures vanquished.

Table legend: (Time is in decaauts)
 A = Elapsed time spent in this place.
 B = Non-inter-level travel time spent in this place.
 C = Inter-level travel time spent in this place.
 D = Time resting spent in this place.
 E = Time spent auto-exploring this place.
 F = Levels seen in this place.
 G = Mean time per level.
                   A        B        C        D        E       F      G
               +--------+--------+--------+--------+--------+-----+--------+
         Total |   2076 |   1892 |    184 |    376 |      0 |   4 |  519.0 |
       Dungeon |   2076 |   1892 |    184 |    376 |      0 |   4 |  519.0 |
               +--------+--------+--------+--------+--------+-----+--------+

Top non-repeatable levels by time:
     D:2: 691 daAuts
     D:3: 560 daAuts
     D:1: 435 daAuts
     D:4: 388 daAuts

Table legend:
 A = Non-vault XP
 B = Vault XP
 C = Vault XP percentage of total XP
 D = Non-vault monster count
 E = Vault monster count
 F = Vault count percentage of total count
                 A         B        C        D         E       F
            +---------+---------+-------+---------+---------+-------
      Total |     108 |      86 |  44.3 |      44 |       7 |  13.7
            +---------+---------+-------+---------+---------+-------
        D:1 |      31 |       0 |   0.0 |      20 |       0 |   0.0
        D:2 |      26 |       0 |   0.0 |       8 |       0 |   0.0
        D:3 |      42 |      11 |  20.8 |      11 |       5 |  31.2
        D:4 |       9 |      75 |  89.3 |       5 |       2 |  28.6
            +---------+---------+-------+---------+---------+-------
